Unix NetHack Version 5.0.0-0 post-release - last build May 10 2026 23:12:36 (d1fa5d53e341ca933230fdaa984d921c805b60aa,branch:main).

Game began 2026-05-11 22:46:52, ended 2026-05-14 02:04:53.

Eesui, chaotic male human Rogue

                                                                ---
                                                                ..
                                                    -----     -3.---------
                                                   ......-- --451|%Aa....|5
                                                  ........---.T..|.aa@..@| 4
                                                  ....A@NHA-)AAf&Aa.@@.@.| 1
                                                  ...%%..w---a.1.|aa.A...|5
                                                   .DaAa%-- --...|..a....|
                                                    -a----    -1.---------
                                             -----  %h@--       41 14 1 45 5
                                             |..... ..TV).      ---
                                             -.....  .x..
                                            -..) ..
                                             ....
                                              ...

Eesui the Burglar       St:25 Dx:18 Co:18 In:15 Wi:18 Ch:17  Chaotic
Astral Plane $:0  HP:70(284) Pw:97(97) AC:-33 Xp:21/10031163 T:64530 

Latest messages:
 You hit the soldier ant with the cockatrice corpse.
 The soldier ant is slowing down.
 The soldier ant turns to stone.
 Pick a monster, object or location.
 @        a human or elf (peaceful high priest of Kos)
 The giant ant turns to flee.
 The soldier ant turns to flee.
 "This time I shall let thee off with a spanking, but let it not happen again."
 "Burrrrp!"
 You hear a chugging sound.
 The Angel of Issek swings her long sword.
 The Angel of Issek hits!
 The Angel of Issek swings her long sword.
 The Angel of Issek hits again!
 The Angel of Issek hits!
 The Angel of Issek points at you, then curses.
 The killer bee turns to flee.
 The renegade Angel of Kos points at you, then curses.
 The renegade Angel of Kos points at you, then curses.
 "I should fart in thy direction, but it might improve thy smell!"
 The soldier ant turns to flee.
 The displacer beast moves the renegade Angel of Kos out of its way!
 "Burrrrp!"
 You hear a chugging sound.
 You hear a chugging sound.
 The Angel of Issek swings her long sword.
 The Angel of Issek hits!
 The Angel of Issek swings her long sword.
 The Angel of Issek hits again!
 The Angel of Issek hits!
 The Angel of Issek points at you, then curses.
 The priestess of Issek turns to flee.
 The priest of Issek turns to flee.
 The priest of Issek picks up a small glob of green slime.
 There is a high altar to Kos (chaotic) here.
 Your wallet is empty.
 In what direction?
 Never mind.
 #
 What do you want to sacrifice? [L or ?*]
 You offer the Amulet of Yendor to Kos...
 An invisible choir sings, and you are bathed in radiance...
 The voice of Kos booms: "Mortal, thou hast done well!"
 "In return for thy service, I grant thee the gift of Immortality!"
 You ascend to the status of Demigod...
 Do you want your possessions identified? [ynq] (y)
 Do you want to see your attributes? [ynq] (y)
 Do you want an account of creatures vanquished? [ynaq] (y)
 Do you want to see your conduct and achievements? [ynq] (y)
 Do you want to see the dungeon overview? [ynq] (y)

Inventory:
 Amulets  ('"')
  k - an uncursed amulet of life saving (being worn)
 Weapons  (')')
  D - 2 cursed +6 daggers (at the ready)
  X - a +6 silver saber (alternate weapon; not wielded)
  t - the rustproof +6 Stormbringer
 Armor    ('[')
  Y - an uncursed rustproof +4 helmet (being worn)
  d - a blessed rustproof +3 pair of gauntlets of power (being worn)
  B - a blessed fireproof +4 pair of speed boots (being worn)
  P - a cursed greased fireproof +4 cloak of magic resistance (being worn)
  v - a blessed +1 Hawaiian shirt with a ukulele motif (being worn)
  V - an uncursed rotproof +3 silver dragon scale mail (being worn)
 Comestibles  ('%')
  U - a cursed cockatrice corpse (wielded)
  w - an uncursed lizard corpse
 Scrolls  ('?')
  W - 2 blessed scrolls of blank paper
  R - 2 blessed scrolls of charging
  F - a cursed scroll of genocide
 Rings    ('=')
  r - an uncursed ring of conflict
  Q - a cursed ring of free action (on right hand)
  I - an uncursed ring of levitation
  J - an uncursed ring of regeneration
  H - an uncursed ring of slow digestion
 Wands    ('/')
  N - a wand of cancellation (0:1)
  C - a wand of cancellation (0:0)
  i - a wand of death (0:4)
  l - a wand of death (0:1)
  h - a wand of fire (0:3)
  M - a wand of fire (0:3)
  n - a wand of teleportation (0:6)
  a - a wand of teleportation (0:0)
 Tools    ('(')
  f - a blessed bag of holding containing 86 items
  q - an empty uncursed sack
  z - an uncursed blindfold
  K - an expensive camera (0:88)
  e - an uncursed lock pick
  j - an uncursed magic lamp (lit)
  s - a magic marker (1:9)
  E - a magic marker (0:9)
  g - the blessed Master Key of Thievery
  x - an uncursed towel
  m - a blessed +0 unicorn horn
 Gems/Stones  ('*')
  o - an uncursed luckstone

Contents of the bag of holding:
  an uncursed amulet of life saving
  15 +6 daggers
  the +0 Sting
  the rustproof +2 Dragonbane
  the fireproof +3 Orcrist
  a cursed -1 helm of opposite alignment
  a blessed +1 green dragon scale mail
  an uncursed food ration
  an uncursed fortune cookie
  2 uncursed K-rations
  an uncursed lembas wafer
  6 uncursed lumps of royal jelly
  an uncursed melon
  2 uncursed pancakes
  an uncursed tin of cobra meat
  2 uncursed lizard corpses
  2 uncursed lizard corpses
  6 blessed scrolls of blank paper
  3 cursed scrolls of blank paper
  2 blessed scrolls of charging
  a blessed scroll of fire
  2 blessed scrolls of remove curse
  an uncursed scroll of remove curse
  an uncursed scroll of scare monster
  an uncursed scroll of scare monster
  an uncursed scroll of stinking cloud
  2 cursed scrolls of teleportation
  an uncursed potion of acid
  2 uncursed potions of full healing
  an uncursed potion of healing
  a blessed potion of object detection
  2 blessed potions of paralysis
  2 uncursed potions of paralysis
  an uncursed potion of restore ability
  a cursed potion of restore ability
  an uncursed potion of speed
  8 potions of holy water
  2 potions of unholy water
  a cursed ring of invisibility named naz 1
  a wand of cold (0:7)
  a wand of cold (0:5)
  a wand of death (0:8)
  a wand of digging (0:8)
  a wand of digging (0:6)
  a wand of fire (0:6)
  a wand of fire (0:4)
  a wand of fire (0:4)
  a wand of fire (0:3)
  a wand of fire (0:0)
  a wand of light (0:15)
  a wand of probing (0:7)
  a wand of probing (0:2)
  a blessed wand of striking (0:4)
  a wand of striking (0:6)
  a wand of striking (0:3)
  a wand of striking (0:2)
  a wand of striking (0:0)
  a wand of striking (0:0)
  a wand of striking (0:0)
  a wand of teleportation (0:0)
  a wand of wishing (1:1)
  a wand of wishing named wrest (1:0)
  a fire horn (0:5)
  a can of grease (0:0)
  a cursed magic lamp
  an uncursed stethoscope
  an uncursed agate stone
  an uncursed amber stone
  9 uncursed amethyst stones
  12 uncursed aquamarine stones
  2 uncursed black opals
  4 uncursed citrine stones
  2 uncursed diamonds
  7 uncursed emeralds
  5 uncursed fluorite stones
  an uncursed garnet stone
  2 uncursed jacinth stones
  9 uncursed jade stones
  an uncursed jasper stone
  2 uncursed jet stones
  5 uncursed obsidian stones
  6 uncursed rubies
  3 uncursed sapphires
  2 uncursed topaz stones
  7 uncursed turquoise stones
  a blessed touchstone

Eesui the Rogue's attributes:

Background:
 You were a Burglar, a level 21 male human Rogue.
 You were chaotic, on a mission for Kos
 who was opposed by Issek (lawful) and Mog (neutral).
 You were right-handed.
 You were in the endgame, on the Astral Plane.
 You entered the dungeon 64530 turns ago.
 It was nighttime.
 You had 10031163 experience points, 9968837 more were needed for level 22.

Basics:
 You had 70 out of 284 hit points.
 You had all 97 energy points (spell power).
 Your armor class was -33.
 Your wallet was empty.
 Autopickup was on for '$?!/=+"' plus thrown.

Final Characteristics:
 Your strength was 25 (base:18/08, innate limit:18/100).
 Your dexterity was 18 (limit:18).
 Your constitution was 18 (limit:18).
 Your intelligence was 15 (limit:18).
 Your wisdom was 18 (limit:18).
 Your charisma was 17 (limit:18).

Final Status:
 You weren't hungry.
 You were unencumbered.
 You were wielding a corpse.

Final Attributes:
 You were the Glory of Arioch.
 You were piously aligned.
 You were magic-protected.
 You were fire resistant.
 You were cold resistant.
 You were sleep resistant.
 You were disintegration resistant.
 You were shock resistant.
 You were poison resistant.
 You saw invisible.
 You were telepathic.
 You were warned.
 You had automatic searching.
 You were invisible to others.
 You were stealthy.
 You could teleport.
 You had teleport control.
 You had a large defense bonus (+11).
 You were warded.
 You took half physical damage.
 You were very fast.
 You had reflection.
 You had free action.
 Your life would have been saved.
 You were extremely lucky.
 You had extra luck.
 Bad luck did not time out for you.
 Good luck did not time out for you.
 You survived.

Miscellaneous:
 You disabled loading of bones levels.
 Total elapsed playing time was 13 hours, 6 minutes and 9 seconds.

Major events:
 Turn
    1: Eesui the chaotic male human Rogue entered the dungeon
  582: entered the Gnomish Mines
 1476: attained the rank of Cutpurse (level 3)
 1781: chose an elven dagger to be named "Sting"
 2419: attained the rank of Rogue (level 6)
 5524: reached Mine Town
 9018: attained the rank of Pilferer (level 10)
 9108: entered Sokoban
 9391: completed 1st Sokoban level
10008: completed 2nd Sokoban level
10728: completed 3rd Sokoban level
12807: completed 4th Sokoban level
13064: acquired the Sokoban bag of holding
13697: was bestowed with Orcrist by Kos
16699: entered Home 1, the Quest
23394: killed Medusa
25796: attained the rank of Robber (level 14)
27154: the Master of Thieves has granted access to proceed deeper into the quest
27196: entered Home 2, the Quest
27463: entered Home 3, the Quest
27703: entered Home 4, the Quest
27920: entered Home 5, the Quest
28063: entered Home 6, the Quest
36059: declined to make a wish
36179: found the Master Key of Thievery on the floor
36385: killed the Master Assassin
36389: acquired the Bell of Opening
37013: was bestowed with Dragonbane by Kos
38321: was chosen to steal souls for the Glory of Kos
38321: was bestowed with Stormbringer
42529: entered Gehennom
44195: attained the rank of Burglar (level 18)
52676: made his first wish - "magic marker", got "a magic marker"
52685: wished for "blessed fixed +2 cloak of magic resistance", got "an ornamental cope"
53217: killed the Oracle
53410: wished for "blessed fixed +2 gauntlets of power", got "a pair of riding gloves"
54599: killed Juiblex
54893: bribed Asmodeus with 776 zorkmids for safe passage
55437: killed Baalzebub
56928: destroyed Vlad the Impaler
56933: acquired the Candelabrum of Invocation
57327: killed Yeenoghu
58873: killed Orcus
61820: killed the Wizard of Yendor
61827: acquired the Book of the Dead
61851: performed the invocation
62489: killed the Wizard of Yendor (2nd time)
62674: killed the high priestess of Moloch
62676: acquired The Amulet of Yendor
62677: wished for "wand of death", got "a wand of death"
62847: killed the Wizard of Yendor (3rd time)
64274: entered the Elemental Planes
64274: entered Plane of Earth
64300: entered Plane of Air
64341: entered Plane of Fire
64365: killed the Wizard of Yendor (5th time)
64387: entered Plane of Water
64438: entered the Astral Plane
64468: killed Death
64488: killed Death (2nd time)
64508: killed Death (3rd time)
64530: ascended

Spells:
 Name                 Level Category     Fail Retention
 healing                1   healing      100%    (gone)
 jumping                1   escape       100%    (gone)

Skills:
 Fighting Skills
   bare handed combat [Unskilled]
   two weapon combat  [Skilled]
   riding             [Unskilled]
 Weapon Skills
   dagger             [Expert]
   knife              [Unskilled]
   short sword        [Basic]
   broadsword         [Skilled]
   long sword         [Unskilled]
   two-handed sword   [Unskilled]
   saber              [Skilled]
   club               [Unskilled]
   mace               [Unskilled]
   morning star       [Unskilled]
   flail              [Unskilled]
   hammer             [Unskilled]
   polearms           [Unskilled]
   spear              [Unskilled]
   crossbow           [Unskilled]
   dart               [Unskilled]
   shuriken           [Unskilled]
 Spellcasting Skills
   divination spells  [Unskilled]
   escape spells      [Basic]
   matter spells      [Unskilled]

Voluntary challenges:
 Character rerolling was not enabled.
 You never genocided any monsters.
 You used 4 wishes.
 You did not wish for any artifacts.
 You did not violate any of the special Sokoban rules.
Achievements:
 You entered a shop.
 You entered the Gnomish Mines.
 You attained the rank of Cutpurse.
 You attained the rank of Rogue.
 You entered Minetown.
 You entered a temple.
 You attained the rank of Pilferer.
 You entered Sokoban.
 You completed Sokoban.
 You defeated Medusa.
 You attained the rank of Robber.
 You handled the Bell of Opening.
 You learned the tune to open and close the Castle's drawbridge.
 You entered Gehennom.
 You attained the rank of Burglar.
 You handled the Candelabrum of Invocation.
 You handled the Book of the Dead.
 You gained access to Moloch's Sanctum.
 You reached the Elemental Planes.
 You reached the Astral Plane.
 You delivered the Amulet of Yendor.
 You ascended!

 The Elemental Planes:
    Astral Plane: <- You are here.
       A temple and an altar to Kos.
    Plane of Water:
    Plane of Fire:
    Plane of Air:
    Plane of Earth:
 The Dungeons of Doom: levels 1 to 26
    Level 1:
       One way stairs up to The Elemental Planes.
    Level 2:
       A general store.
       Stairs down to The Gnomish Mines.
    Level 3: "pois resshock res"
       A sink.
    Level 4:
       A sink.
    Level 5: "stash"
    Level 6:
    Level 7: "slep res"
       An armor shop.
    Level 8:
    Level 9:
       Oracle of Delphi.
    Level 10:
       A scroll shop.
       Stairs up to Sokoban, level 9.
    Level 11:
       A fountain.
    Level 12:
       A temple and an altar.
    Level 13:
       Some fountains.
    Level 14:
       A general store, a fountain.
    Level 15:
    Level 16:
       A primitive area.
       Portal to The Quest.
    Level 17:
       A fountain, a sink.
    Level 18:
       An altar to Kos.
    Level 19:
       A fountain.
    Level 20:
       Some fountains, some sinks.
    Level 21:
       A fountain.
    Level 22: "dis res"
       A throne.
    Level 23:
    Level 24:
    Level 25:
       A fountain.
    Level 26:
       A throne, a fountain.
       The castle (play notes "BDBED" to open or close drawbridge).
       Connection to Gehennom.
 Gehennom: levels 27 to 49
    Level 27:
       A temple and an altar, many graves.
       Valley of the Dead.
    Level 28:
    Level 29:
    Level 30:
    Level 31:
       Many fountains.
    Level 32:
    Level 33:
    Level 34:
    Level 35:
    Level 36:
    Level 37:
    Level 38:
    Level 39:
       Stairs up to Vlad's Tower, level 38.
    Level 40:
    Level 41:
       Some shops, an altar, many graves.
    Level 42:
    Level 43:
    Level 44:
    Level 45:
    Level 46:
    Level 47: "portal"
    Level 48:
    Level 49:
       A temple and an altar, many graves.
       Moloch's Sanctum.
 The Gnomish Mines: levels 3 to 11
    Level 3: "cold res"
    Level 4:
    Level 5:
    Level 6: "crowned"
       Many shops, a temple and an altar to Kos, some fountains, a sink.
    Level 7:
    Level 8:
    Level 9:
    Level 10:
    Level 11:
       A fountain.
 The Quest: levels 1 to 6
    Level 1:
       Completed quest for the Master of Thieves.
    Level 2:
    Level 3:
    Level 4:
    Level 5:
    Level 6: "fire res"
 Sokoban: levels 9 up to 6
    Level 6:
       Solved.
    Level 7:
       Solved.
    Level 8:
       Solved.
    Level 9:
       Solved.
 Vlad's Tower: levels 38 up to 36
    Level 36:
    Level 37:
    Level 38:


Vanquished creatures:
    Baalzebub
    Orcus
    Yeenoghu
 an erinys
    Juiblex
the Wizard of Yendor (5 times)
    Death (4 times)
    Vlad the Impaler
  9 arch-liches
  a high cleric
    Medusa
  6 krakens
 an Archon
 12 iron golems
  7 master liches
  a storm giant
  2 titans
  3 glass golems
  4 balrogs
  9 purple worms
  7 gray dragons
  a gold dragon
  6 silver dragons
 10 red dragons
  6 white dragons
  6 orange dragons
  4 black dragons
  3 blue dragons
  5 green dragons
  3 yellow dragons
 34 minotaurs
  7 jabberwocks
the Master Assassin
  9 baluchitheria
 25 Angels
  6 demiliches
  6 stone golems
  6 master mind flayers
  8 Olog-hai
  a Nazgul
 10 pit fiends
  6 sandestins
  3 hell hounds
  6 displacer beasts
  4 titanotheres
  4 trappers
  a baby red dragon
  a baby orange dragon
  a baby blue dragon
 30 guardian nagas
  9 genetic engineers
  3 disenchanters
 28 vampire leaders
  6 skeletons
the Oracle
 21 aligned clerics
  5 captains
  6 shades
  7 liches
  5 water trolls
  3 clay golems
  6 nurses
  8 ice devils
 13 nalfeshnees
  9 lurkers above
  7 Aleaxes
  a frost giant
  7 ettins
  3 golden nagas
 10 black puddings
 33 vampires
  6 lieutenants
 37 ghosts
  a queen bee
  4 winged gargoyles
  3 mind flayers
  9 giant mimics
  7 long worms
 15 zruties
 12 fire giants
 13 ogre tyrants
  6 ice trolls
  4 rock trolls
  7 umber hulks
  9 flesh golems
  5 elven monarchs
  a doppelganger
 17 hezrous
 14 bone devils
 13 large mimics
  2 wumpuses
  9 fire vortices
 10 couatls
 17 stalkers
  5 air elementals
 12 fire elementals
  6 earth elementals
  6 water elementals
  a hill giant
  a black naga
 15 xorns
 23 giant zombies
  5 elf-nobles
 14 sergeants
  a water demon
  8 barbed devils
 11 vrocks
 10 salamanders
 22 wargs
  6 winter wolves
 11 hell hound pups
 14 small mimics
  3 glass piercers
  9 warhorses
  7 steam vortices
 12 xans
  4 ettin mummies
  4 ogre leaders
 17 quantum mechanics
 16 trolls
  3 sasquatches
  8 wood golems
  3 mariliths
  4 sharks
 15 gelatinous cubes
  7 pyrolisks
  3 large dogs
  4 freezing spheres
  9 flaming spheres
  4 shocking spheres
  3 large cats
  7 tigers
  8 gargoyles
  3 dwarf rulers
  2 tengu
  6 ochre jellies
 12 leocrottas
  3 energy vortices
  2 mountain centaurs
  2 stone giants
  5 elf mummies
  2 human mummies
  8 red nagas
  5 green slimes
  4 pythons
  2 pit vipers
  4 cobras
 44 wraiths
  6 carnivorous apes
 26 ettin zombies
  5 leather golems
  4 Grey-elves
 56 soldiers
 17 amorous demons
  3 horned devils
 20 chameleons
  2 crocodiles
 23 giant beetles
  6 quivering blobs
 37 cockatrices
 14 wolves
  8 winter wolf cubs
  a lynx
  4 gremlins
 87 leprechauns
  5 orc-captains
  5 iron piercers
  5 mumakil
 15 giant spiders
 16 scorpions
  6 horses
  3 ice vortices
 15 black lights
 10 vampire bats
  3 forest centaurs
  7 gnome rulers
  2 orc mummies
  5 dwarf mummies
  3 ogres
  9 brown puddings
 11 rust monsters
 15 owlbears
  8 yetis
  3 gold golems
  3 werewolves
  2 Green-elves
  2 piranha
 12 giant eels
 17 lizards
  9 chickatrices
  2 dingoes
  3 dogs
  6 housecats
 11 jaguars
 11 dwarf leaders
  3 blue jellies
  2 white unicorns
  4 gray unicorns
  2 black unicorns
  5 dust vortices
  7 ravens
  9 plains centaurs
  2 gnome mummies
 19 snakes
  9 water moccasins
  8 apes
 23 human zombies
  7 rope golems
  3 Woodland-elves
 26 soldier ants
  9 fire ants
 10 bugbears
  2 imps
  a lemure
  4 quasits
  8 wood nymphs
 19 water nymphs
  8 mountain nymphs
 22 Mordor orcs
 23 Uruk-hai
  4 orc shamans
 15 rock piercers
  6 rock moles
  8 ponies
  8 fog clouds
 24 yellow lights
  8 shriekers
 17 violet fungi
 28 gnome leaders
 12 gnomish wizards
 10 kobold mummies
  a red naga hatchling
 10 gray oozes
  6 barrow wights
 19 elf zombies
 14 ghouls
  5 straw golems
  5 paper golems
  2 jellyfish
 43 giant ants
  5 little dogs
 12 floating eyes
  4 kittens
 26 dwarves
  2 homunculi
  2 kobold leaders
  3 kobold shamans
  6 hill orcs
 32 rothes
  2 rabid rats
  4 centipedes
  4 giant bats
  8 monkeys
 24 orc zombies
 21 dwarf zombies
  a wererat
  a werejackal
 22 iguanas
 34 killer bees
  2 acid blobs
  4 coyotes
  3 gas spores
 10 hobbits
 31 manes
  6 large kobolds
  8 hobgoblins
 11 giant rats
  3 cave spiders
  3 brown molds
  6 yellow molds
  a green mold
  2 red molds
 75 gnomes
 32 garter snakes
 21 gnome zombies
 20 geckos
 13 jackals
  3 foxes
  5 kobolds
  2 goblins
  8 sewer rats
 17 grid bugs
  3 bats
 10 lichens
 24 kobold zombies
 15 newts
2702 creatures vanquished.

No species were genocided or became extinct.

Goodbye Eesui the Demigod...

You went to your reward with 3327772 points,
Orcrist (worth 2000 zorkmids and 5000 points)
Dragonbane (worth 500 zorkmids and 1250 points)
Sting (worth 800 zorkmids and 2000 points)
The Master Key of Thievery (worth 3500 zorkmids and 8750 points)
Stormbringer (worth 8000 zorkmids and 20000 points)
      12 aquamarine stones (worth 18000 zorkmids),
       9 amethyst stones (worth 5400 zorkmids),
       9 jade stones (worth 2700 zorkmids),
       7 emeralds (worth 17500 zorkmids),
       7 turquoise stones (worth 14000 zorkmids),
       6 rubies (worth 21000 zorkmids),
       5 fluorite stones (worth 2000 zorkmids),
       5 obsidian stones (worth 1000 zorkmids),
       4 citrine stones (worth 6000 zorkmids),
       3 sapphires (worth 9000 zorkmids),
       2 diamonds (worth 8000 zorkmids),
       2 jacinth stones (worth 6500 zorkmids),
       2 black opals (worth 5000 zorkmids),
       2 topaz stones (worth 1800 zorkmids),
       2 jet stones (worth 1700 zorkmids),
       1 amber stone (worth 1000 zorkmids),
       1 garnet stone (worth 700 zorkmids),
       1 jasper stone (worth 500 zorkmids),
       1 agate stone (worth 200 zorkmids),
       2 amulets of life saving (worth 300 zorkmids),
and 0 pieces of gold, after 64530 moves.
You were level 21 with a maximum of 284 hit points when you ascended.

